Sabres vs Senateurs (R1)

Created - November 13, 2024 at 20:27

Goals
1 2 3 OT1 T
Sabres 1 0 4 0 5
Senateurs 3 0 2 1 6
Shots
1 2 3 OT1 T
Sabres 6 15 15 3 39
Senateurs 13 10 7 2 32

1st period

1. Sabres , Artemi Panarin 6 (Mika Zibanejad 8, Corey Perry 3) at 0:16
2. Senateurs , Quinton Howden 2 (Richard Panik 3) at 6:48
3. Senateurs , Jordan Martinook 1 (Quinton Howden 4) at 9:02
4. Senateurs , Michael Frolik 3 (Alex Iafallo 2, Jared Cowen 5) at 17:09 (PP)

Penalties :
Eric Gelinas (Ott) for Hooking (Minor) at 0:19, Alex Iafallo (Ott) for Tripping (Minor) at 3:43, Zachary Sanford (Ott) for Tripping (Minor) at 9:31, Artemi Panarin (Buf) for Slashing (Minor) at 9:45, Kyle Okposo (Buf) for Hooking (Minor) at 14:50, Artemi Panarin (Buf) for Slashing (Double Minor) at 16:59

2nd period

No Goal

Penalties :
Jordan Martinook (Ott) for Roughing (Minor) at 2:30, Corey Perry (Buf) for High sticking (Minor) at 11:13, Zachary Sanford (Ott) for Tripping (Minor) at 13:36, Dennis Everberg (Ott) for Slashing (Minor) at 18:35

3rd period

5. Sabres , Jordan Staal 2 (Nate Schmidt 3) at 0:49
6. Senateurs , Zachary Sanford 3 (Radek Faksa 1) at 5:40
7. Senateurs , Michael Frolik 4 (Alex Iafallo 3, Nick Bjugstad 5) at 7:47 (PP)
8. Sabres , Noah Hanifin 1 (Tyson Barrie 1) at 15:46
9. Sabres , Neal Pionk 2 (Samuel Morin 4, Evgeni Malkin 2) at 16:54 (PP)
10. Sabres , Kyle Okposo 3 (Jordan Staal 6, Mathew Dumba 7) at 18:11

Penalties :
Nick Bjugstad (Ott) for Interference (Minor) at 3:30, Mathew Dumba (Buf) for High sticking (Minor) at 6:02, Joel Eriksson Ek (Ott) for Roughing (Minor) at 10:26, Alex Iafallo (Ott) for Kneeing (Minor) at 16:19

Overtime #1

11. Senateurs , Jordan Martinook 2 (Jake Gardiner 5, Michael Frolik 1) at 2:16

Penalties :
No Penalty

Goalie Stats

John Gibson (Buf), 26 saves from 32 shots - (0.813), OTL, 5-4-2, 62:16 minutes
Mikko Koskinen (Ott), 34 saves from 39 shots - (0.872), W, 2-0-0, 62:16 minutes

Players Stats for Sabres

Player Name              G  A  P  +/- PIM S  H  SB GA TA FO     MP     PP MP  PK MP  
------------------------------------------------------------------------------------
Artemi Panarin           1  0  1   2  6   5  3  0  1  0  1/2    22:35   8:56   0:30 
Cal Clutterbuck          0  0  0  -1  0   1  1  0  0  0  0/0     9:28   0:00   4:17 
Corey Perry              0  1  1   2  2   2  3  1  0  1  0/0    18:28   5:45   0:14 
Evgeni Malkin            0  1  1  -1  0   0  2  0  0  0  5/8    16:02   5:45   0:20 
Ilya Kovalchuk           0  0  0   0  0   0  0  0  1  1  0/0    12:32   6:21   0:00 
Jordan Staal             1  1  2   0  0   5  2  1  0  0  4/10   13:52   0:00   2:36 
Kyle Okposo              1  0  1   1  2   1  1  0  0  0  0/0    11:45   0:00   1:04 
Kyle Rau                 0  0  0  -1  0   0  0  0  0  0  5/7     8:56   0:00   4:17 
Mathew Dumba             0  1  1   1  2   3  2  1  0  0  0/0    30:34   8:21   4:03 
Mika Zibanejad           0  1  1   2  0   5  2  1  2  0  20/37  22:29   8:57   0:00 
Nate Schmidt             0  1  1   0  0   0  0  0  0  0  0/0    14:15   0:00   3:10 
Neal Pionk               1  0  1   1  0   3  0  2  1  2  0/0    22:12   6:21   3:10 
Noah Hanifin             1  0  1  -1  0   2  0  2  0  0  0/0     8:38   0:00   0:53 
Robby Fabbri             0  0  0   0  0   4  1  0  0  0  1/1    13:32   0:00   2:54 
Samuel Morin             0  1  1  -2  0   1  1  0  0  0  0/0    14:46   5:45   0:00 
Tyson Barrie             0  1  1  -1  0   0  0  0  0  1  0/0     7:45   0:00   0:00 
Victor Hedman            0  0  0   1  0   1  1  0  0  0  0/0    30:39   8:21   4:56 
Viktor Arvidsson         0  0  0  -1  0   6  2  1  2  1  0/0    18:24   8:57   0:00 

Players Stats for Senateurs

Player Name              G  A  P  +/- PIM S  H  SB GA TA FO     MP     PP MP  PK MP  
------------------------------------------------------------------------------------
Alex Iafallo             0  2  2  -1  4   1  2  0  0  1  0/1    24:35   5:16   7:29 
Anton Lindholm           0  0  0   1  0   1  0  0  0  0  0/0    10:18   0:00   0:51 
Brendan Smith            0  0  0  -1  0   1  2  1  0  1  0/0    19:34   2:07   4:55 
Dennis Everberg          0  0  0  -1  2   1  0  0  0  0  0/0     6:17   0:00   0:00 
Dmitry Sinitsyn          0  0  0   1  0   0  1  0  0  0  0/0     8:19   0:00   0:00 
Eric Gelinas             0  0  0  -1  2   1  0  1  0  0  0/0    18:51   2:07   4:06 
Jake Gardiner            0  1  1   0  0   1  1  1  1  1  0/0    33:18   5:59   9:46 
Jared Cowen              0  1  1  -1  0   1  1  1  0  1  0/0    32:56   5:59   9:46 
Joel Eriksson Ek         0  0  0  -1  2   1  1  0  0  0  2/4     7:41   0:00   1:30 
Jordan Martinook         2  0  2   3  2   7  4  1  2  1  0/0    18:24   2:50   4:04 
Michael Frolik           2  1  3  -1  0   4  1  0  1  0  0/2    16:11   5:16   0:00 
Nick Bjugstad            0  1  1  -1  2   4  1  0  2  1  19/39  25:38   5:16   8:17 
Quinton Howden           1  1  2   2  0   2  1  0  0  1  4/9    17:09   2:50   3:45 
Radek Faksa              0  1  1  -1  0   2  0  0  0  0  3/8     9:11   0:00   0:00 
Richard Panik            0  1  1   0  0   1  0  1  0  0  1/2    13:16   0:00   2:56 
Riley Sheahan            0  0  0   2  0   0  0  0  0  0  0/0    11:37   2:36   0:00 
Tim Schaller             0  0  0  -1  0   2  0  0  0  0  0/0     7:24   0:00   1:23 
Zachary Sanford          1  0  1  -1  4   2  1  0  0  0  0/0     9:33   0:14   0:00 

3 Stars

1 - Jordan Martinook (Ott)
2 - Michael Frolik (Ott)
3 - Quinton Howden (Ott)

Power Play

Sabres - 1 on 9 Attempt(s) - 11.11%
Senateurs - 2 on 6 Attempt(s) - 33.33%

Penalty Kill

Sabres - 4 on 6 Attempt(s) - 66.67% - Score 0 goal in Penalty Kill
Senateurs - 8 on 9 Attempt(s) - 88.89% - Score 0 goal in Penalty Kill

Team Stat

Sabres - Hits : 21 - Faceoff Wins : 36 - Blocked Shots : 9 - Penalty Minutes : 12
Senateurs - Hits : 16 - Faceoff Wins : 29 - Blocked Shots : 6 - Penalty Minutes : 18

Official

Referees : Jacob Brenk and Corey Syvret
Linesman : Ryan Galloway and Travis Gawryletz

Game Notes

No Game Note

Finance

Level 1 -- Attendance: 5709 (95.15%) -- Ticket Income $570,900
Level 2 -- Attendance: 4594 (91.88%) -- Ticket Income $321,580
Level 3 -- Attendance: 1993 (99.65%) -- Ticket Income $79,720
Level 4 -- Attendance: 3649 (91.23%) -- Ticket Income $109,470
Luxury Box -- Attendance: 1000 (100.00%) -- Ticket Income $200,000
Game was played at the Centre Canadian Tire.
Total Attendance: 16945 (94.14%)
Total Ticket Income: $1,281,670
Other Income: $192,250
Total Income: $1,473,920

Sabres

5 vs 5 Forward 
   Center                   Left Wing                Right Wing               Time % Phy DF OF 
 1 Mika Zibanejad           Artemi Panarin           Corey Perry              40     1   2  2  
 2 Evgeni Malkin            Samuel Morin             Viktor Arvidsson         30     1   2  2  
 3 Jordan Staal             Robby Fabbri             Kyle Okposo              20     1   2  2  
 4 Kyle Rau                 Ilya Kovalchuk           Cal Clutterbuck          10     1   2  2  

5 vs 5 Defense 
   Defense                  Defense                                           Time % Phy DF OF 
 1 Mathew Dumba             Victor Hedman                                     40     1   2  2  
 2 Nate Schmidt             Neal Pionk                                        30     1   2  2  
 3 Tyson Barrie             Noah Hanifin                                      20     1   2  2  
 4 Mathew Dumba             Victor Hedman                                     10     1   2  2  

PowerPlay Forward 
   Center                   Left Wing                Right Wing               Time % Phy DF OF 
 1 Mika Zibanejad           Artemi Panarin           Viktor Arvidsson         60     1   2  2  
 2 Evgeni Malkin            Samuel Morin             Corey Perry              40     1   2  2  

PowerPlay Defense
   Defense                  Defense                                           Time % Phy DF OF 
 1 Mathew Dumba             Victor Hedman                                     60     1   2  2  
 2 Ilya Kovalchuk           Neal Pionk                                        40     1   2  2  

Penalty Kill 4 Players Forward 
   Center                   Wing                     Time % Phy DF OF 
 1 Kyle Rau                 Cal Clutterbuck          60     1   2  2  
 2 Jordan Staal             Robby Fabbri             40     1   2  2  

Penalty Kill 4 Players Defense
   Defense                  Defense                  Time % Phy DF OF 
 1 Mathew Dumba             Victor Hedman            60     1   2  2  
 2 Nate Schmidt             Neal Pionk               40     1   2  2  

Penalty Kill - 3 Players Forward 
   Forward                                           Time % Phy DF OF 
 1 Kyle Rau                                          60     1   2  2  
 2 Jordan Staal                                      40     1   2  2  

Penalty Kill - 3 Players Defense
   Defense                  Defense                  Time % Phy DF OF 
 1 Mathew Dumba             Victor Hedman            60     1   2  2  
 2 Nate Schmidt             Neal Pionk               40     1   2  2  

4 vs 4 Forward 
   Center                   Wing                     Time % Phy DF OF 
 1 Mika Zibanejad           Artemi Panarin           60     1   2  2  
 2 Jordan Staal             Evgeni Malkin            40     1   2  2  

4 vs 4 Defense
   Defense                  Defense                  Time % Phy DF OF 
 1 Mathew Dumba             Victor Hedman            60     1   2  2  
 2 Nate Schmidt             Neal Pionk               40     1   2  2  

Last Minutes Offensive
   Center                   Left Wing                Right Wing               Defense                  Defense                  
   Mika Zibanejad           Artemi Panarin           Cal Clutterbuck          Mathew Dumba             Victor Hedman            

Last Minutes Defensive
   Center                   Left Wing                Right Wing               Defense                  Defense                  
   Mika Zibanejad           Artemi Panarin           Cal Clutterbuck          Mathew Dumba             Victor Hedman            

Goaltenders
Starting : John Gibson              
Backup : Cam Talbot               

Extra Forwards
Normal : Ilya Kovalchuk, Corey Perry, Kyle Okposo - PP : Ilya Kovalchuk, Corey Perry - PK : Kyle Okposo
Extra Defensemen
Normal : Tyson Barrie, Noah Hanifin, Nate Schmidt - PP : Tyson Barrie - PK : Noah Hanifin, Nate Schmidt
Penalty Shots
Mika Zibanejad, Artemi Panarin, Jordan Staal, Evgeni Malkin, Cal Clutterbuck
Custom OT Lines Forwards
Mika Zibanejad, Artemi Panarin, Jordan Staal, Evgeni Malkin, Cal Clutterbuck, Viktor Arvidsson, Samuel Morin, Corey Perry, Kyle Okposo, Ilya Kovalchuk
Custom OT Lines Defensemen
Mathew Dumba, Victor Hedman, Nate Schmidt, Neal Pionk, Tyson Barrie

Scratches
Alex Killorn (Healthy)

Senateurs

5 vs 5 Forward 
   Center                   Left Wing                Right Wing               Time % Phy DF OF 
 1 Nick Bjugstad            Alex Iafallo             Michael Frolik           40     0   2  3  
 2 Quinton Howden           Jordan Martinook         Riley Sheahan            30     1   2  2  
 3 Radek Faksa              Zachary Sanford          Richard Panik            20     0   2  3  
 4 Joel Eriksson Ek         Tim Schaller             Dennis Everberg          10     1   2  2  

5 vs 5 Defense 
   Defense                  Defense                                           Time % Phy DF OF 
 1 Jake Gardiner            Jared Cowen                                       40     1   2  2  
 2 Eric Gelinas             Brendan Smith                                     30     1   2  2  
 3 Anton Lindholm           Dmitry Sinitsyn                                   20     1   2  2  
 4 Jake Gardiner            Jared Cowen                                       10     1   2  2  

PowerPlay Forward 
   Center                   Left Wing                Right Wing               Time % Phy DF OF 
 1 Nick Bjugstad            Alex Iafallo             Michael Frolik           60     0   1  4  
 2 Quinton Howden           Jordan Martinook         Riley Sheahan            40     0   1  4  

PowerPlay Defense
   Defense                  Defense                                           Time % Phy DF OF 
 1 Jake Gardiner            Jared Cowen                                       60     1   2  2  
 2 Eric Gelinas             Brendan Smith                                     40     1   2  2  

Penalty Kill 4 Players Forward 
   Center                   Wing                     Time % Phy DF OF 
 1 Nick Bjugstad            Alex Iafallo             60     1   3  1  
 2 Quinton Howden           Jordan Martinook         40     1   3  1  

Penalty Kill 4 Players Defense
   Defense                  Defense                  Time % Phy DF OF 
 1 Jake Gardiner            Jared Cowen              60     1   3  1  
 2 Eric Gelinas             Brendan Smith            40     1   3  1  

Penalty Kill - 3 Players Forward 
   Forward                                           Time % Phy DF OF 
 1 Nick Bjugstad                                     60     1   3  1  
 2 Quinton Howden                                    40     1   3  1  

Penalty Kill - 3 Players Defense
   Defense                  Defense                  Time % Phy DF OF 
 1 Jake Gardiner            Jared Cowen              60     1   3  1  
 2 Eric Gelinas             Brendan Smith            40     1   3  1  

4 vs 4 Forward 
   Center                   Wing                     Time % Phy DF OF 
 1 Nick Bjugstad            Alex Iafallo             60     1   2  2  
 2 Quinton Howden           Jordan Martinook         40     1   2  2  

4 vs 4 Defense
   Defense                  Defense                  Time % Phy DF OF 
 1 Jake Gardiner            Jared Cowen              60     1   2  2  
 2 Eric Gelinas             Brendan Smith            40     1   2  2  

Last Minutes Offensive
   Center                   Left Wing                Right Wing               Defense                  Defense                  
   Nick Bjugstad            Alex Iafallo             Michael Frolik           Jake Gardiner            Jared Cowen              

Last Minutes Defensive
   Center                   Left Wing                Right Wing               Defense                  Defense                  
   Nick Bjugstad            Alex Iafallo             Michael Frolik           Jake Gardiner            Jared Cowen              

Goaltenders
Starting : Mikko Koskinen           
Backup : Martin Jones             

Extra Forwards
Normal : Richard Panik, Jordan Martinook, Quinton Howden - PP : Richard Panik, Jordan Martinook - PK : Richard Panik
Extra Defensemen
Normal : Brendan Smith, Anton Lindholm, Dmitry Sinitsyn - PP : Brendan Smith - PK : Brendan Smith, Anton Lindholm
Penalty Shots
Nick Bjugstad, Michael Frolik, Riley Sheahan, Alex Iafallo, Richard Panik
Custom OT Lines Forwards
Nick Bjugstad, Michael Frolik, Riley Sheahan, Alex Iafallo, Richard Panik, Jordan Martinook, Quinton Howden, Zachary Sanford, Dennis Everberg, Tim Schaller
Custom OT Lines Defensemen
Jake Gardiner, Jared Cowen, Eric Gelinas, Brendan Smith, Anton Lindholm

Scratches
Jordan Schmaltz (Healthy), Rostislav Olesz (Healthy), Vincent Trocheck (Right Leg Injury)

% Time on Ice - Sabres

Lines # - Real PCT - Wanted PCT - Time Play
Normal Forward
1 - 33% - 40% - 11:44
2 - 25% - 30% - 8:54
3 - 29% - 20% - 10:10
4 - 13% - 10% - 4:39
Normal Defense
1 - 44% - 40% - 15:36
2 - 34% - 30% - 12:06
3 - 22% - 20% - 7:45
4 - 0% - 10% - 0:00
PP Forward
1 - 61% - 60% - 8:57
2 - 39% - 40% - 5:45
PP Defense
1 - 57% - 60% - 8:21
2 - 43% - 40% - 6:21
PK Forward
1 - 68% - 60% - 5:30
2 - 32% - 40% - 2:36
PK Defense
1 - 61% - 60% - 4:56
2 - 39% - 40% - 3:10
PK3 Forward
1 - 0% - 60%
2 - 0% - 40%
PK3 Defense
1 - 0% - 60%
2 - 0% - 40%
44 Forward
1 - 81% - 60% - 1:25
2 - 19% - 40% - 0:20
44 Defense
1 - 67% - 60% - 1:10
2 - 33% - 40% - 0:35
Last Minute Offensive  - 0:00
Last Minute Defensive  - 0:00
Total
Forward - 60:00
Defense - 60:00

% Time on Ice - Senateurs

Lines # - Real PCT - Wanted PCT - Time Play
Normal Forward
1 - 30% - 40% - 10:29
2 - 28% - 30% - 9:46
3 - 26% - 20% - 9:11
4 - 17% - 10% - 6:01
Normal Defense
1 - 42% - 40% - 14:58
2 - 34% - 30% - 12:10
3 - 23% - 20% - 8:19
4 - 0% - 10% - 0:00
PP Forward
1 - 65% - 60% - 5:16
2 - 35% - 40% - 2:50
PP Defense
1 - 74% - 60% - 5:59
2 - 26% - 40% - 2:07
PK Forward
1 - 75% - 60% - 11:02
2 - 25% - 40% - 3:40
PK Defense
1 - 66% - 60% - 9:46
2 - 34% - 40% - 4:56
PK3 Forward
1 - 0% - 60%
2 - 0% - 40%
PK3 Defense
1 - 0% - 60%
2 - 0% - 40%
44 Forward
1 - 77% - 60% - 1:21
2 - 23% - 40% - 0:24
44 Defense
1 - 72% - 60% - 1:16
2 - 28% - 40% - 0:29
Last Minute Offensive  - 0:00
Last Minute Defensive  - 0:00
Total
Forward - 60:00
Defense - 60:00

Play-by-Play

1st period


0:01 of 1st period - Mika Zibanejad wins face-off versus Nick Bjugstad in neutral zone.
0:16 of 1st period - Snap shot by Artemi Panarin.
0:16 of 1st period - Goal by Artemi Panarin - Sabres : 1 - Senateurs : 0.
0:17 of 1st period - Quinton Howden wins face-off versus Evgeni Malkin in neutral zone.
0:19 of 1st period - Minor Penalty to Eric Gelinas for Hooking.
0:20 of 1st period - Nick Bjugstad wins face-off versus Mika Zibanejad in Senateurs zone.
0:46 of 1st period - Samuel Morin is hit by Jordan Martinook and loses puck.
0:55 of 1st period - Snap shot by Jordan Martinook.
0:55 of 1st period - Stopped by John Gibson with a rebound.
0:57 of 1st period - Slapshot by Jordan Martinook.
0:57 of 1st period - Stopped by John Gibson without a rebound.
0:58 of 1st period - Mika Zibanejad wins face-off versus Nick Bjugstad in Sabres zone.
1:05 of 1st period - Neal Pionk is hit by Nick Bjugstad and loses puck.
2:19 of 1st period - Penalty to Eric Gelinas is over, Eric Gelinas is back on ice.
2:25 of 1st period - Slapshot by Robby Fabbri.
2:25 of 1st period - Stopped by Mikko Koskinen with a rebound.
2:39 of 1st period - Wrist shot by Quinton Howden.
2:39 of 1st period - Stopped by John Gibson with a rebound.
2:41 of 1st period - Wrist shot by Quinton Howden.
2:41 of 1st period - Shot Blocked by Noah Hanifin.
3:19 of 1st period - Slapshot by Jordan Staal.
3:19 of 1st period - Stopped by Mikko Koskinen without a rebound.
3:20 of 1st period - Mika Zibanejad wins face-off versus Nick Bjugstad in Senateurs zone.
3:33 of 1st period - Snap shot by Artemi Panarin.
3:33 of 1st period - Stopped by Mikko Koskinen with a rebound.
3:35 of 1st period - Snap shot by Artemi Panarin.
3:35 of 1st period - Stopped by Mikko Koskinen with a rebound.
3:37 of 1st period - Slapshot by Mathew Dumba.
3:37 of 1st period - Shot Misses the Net.
3:43 of 1st period - Minor Penalty to Alex Iafallo for Tripping.
3:44 of 1st period - Mika Zibanejad wins face-off versus Nick Bjugstad in Senateurs zone.
4:44 of 1st period - Eric Gelinas is hit by Corey Perry and loses puck.
5:43 of 1st period - Penalty to Alex Iafallo is over, Alex Iafallo is back on ice.
5:55 of 1st period - Snap shot by Zachary Sanford.
5:55 of 1st period - Stopped by John Gibson with a rebound.
6:11 of 1st period - Neal Pionk is hit by Alex Iafallo and loses puck.
6:48 of 1st period - Wrist shot by Quinton Howden.
6:48 of 1st period - Goal by Quinton Howden - Sabres : 1 - Senateurs : 1.
6:49 of 1st period - Nick Bjugstad wins face-off versus Evgeni Malkin in neutral zone.
8:19 of 1st period - Snap shot by Tim Schaller.
8:19 of 1st period - Stopped by John Gibson with a rebound.
8:21 of 1st period - Slapshot by Jared Cowen.
8:21 of 1st period - Shot Misses the Net.
8:23 of 1st period - Slapshot by Jared Cowen.
8:23 of 1st period - Stopped by John Gibson without a rebound.
8:24 of 1st period - Mika Zibanejad wins face-off versus Joel Eriksson Ek in Sabres zone.
9:02 of 1st period - Snap shot by Jordan Martinook.
9:02 of 1st period - Goal by Jordan Martinook - Sabres : 1 - Senateurs : 2.
9:03 of 1st period - Mika Zibanejad wins face-off versus Michael Frolik in neutral zone.
9:08 of 1st period - Slapshot by Corey Perry.
9:08 of 1st period - Stopped by Mikko Koskinen with a rebound.
9:18 of 1st period - Snap shot by Nick Bjugstad.
9:18 of 1st period - Stopped by John Gibson with a rebound.
9:31 of 1st period - Minor Penalty to Zachary Sanford for Tripping.
9:32 of 1st period - Nick Bjugstad wins face-off versus Mika Zibanejad in Senateurs zone.
9:32 of 1st period - Nick Bjugstad is hit by Artemi Panarin.
9:45 of 1st period - Minor Penalty to Artemi Panarin for Slashing.
9:46 of 1st period - Nick Bjugstad wins face-off versus Mika Zibanejad in Sabres zone.
10:52 of 1st period - Jake Gardiner is hit by Robby Fabbri and loses puck.
11:05 of 1st period - Nick Bjugstad is hit by Jordan Staal and loses puck.
11:26 of 1st period - Slapshot by Jake Gardiner.
11:26 of 1st period - Stopped by John Gibson with a rebound.
11:31 of 1st period - Penalty to Zachary Sanford is over, Zachary Sanford is back on ice.
11:45 of 1st period - Penalty to Artemi Panarin is over, Artemi Panarin is back on ice.
12:36 of 1st period - Quinton Howden is hit by Mika Zibanejad.
12:59 of 1st period - Eric Gelinas is hit by Evgeni Malkin and loses puck.
13:20 of 1st period - Snap shot by Radek Faksa.
13:20 of 1st period - Shot Misses the Net.
13:22 of 1st period - Snap shot by Eric Gelinas.
13:22 of 1st period - Shot Blocked by Neal Pionk.
13:38 of 1st period - Anton Lindholm is hit by Corey Perry and loses puck.
14:11 of 1st period - Eric Gelinas is hit by Mathew Dumba and loses puck.
14:30 of 1st period - Mathew Dumba is hit by Joel Eriksson Ek and loses puck.
14:50 of 1st period - Minor Penalty to Kyle Okposo for Hooking.
14:51 of 1st period - Kyle Rau wins face-off versus Michael Frolik in Sabres zone.
14:58 of 1st period - Off-side.
14:59 of 1st period - Nick Bjugstad wins face-off versus Kyle Rau in neutral zone.
15:36 of 1st period - Wrist shot by Alex Iafallo.
15:36 of 1st period - Stopped by John Gibson without a rebound.
15:37 of 1st period - Quinton Howden wins face-off versus Jordan Staal in Sabres zone.
15:48 of 1st period - Wrist shot by Jordan Martinook.
15:48 of 1st period - Stopped by John Gibson without a rebound.
15:49 of 1st period - Kyle Rau wins face-off versus Quinton Howden in Sabres zone.
16:50 of 1st period - Penalty to Kyle Okposo is over, Kyle Okposo is back on ice.
16:59 of 1st period - Double Minor Penalty to Artemi Panarin for Slashing.
17:00 of 1st period - Kyle Rau wins face-off versus Nick Bjugstad in Sabres zone.
17:09 of 1st period - Snap shot by Michael Frolik.
17:09 of 1st period - Goal by Michael Frolik - Sabres : 1 - Senateurs : 3.
17:10 of 1st period - Kyle Rau wins face-off versus Nick Bjugstad in neutral zone.
18:20 of 1st period - Brendan Smith is hit by Jordan Staal and loses puck.
19:09 of 1st period - Penalty to Artemi Panarin is over, Artemi Panarin is back on ice.
19:37 of 1st period - Anton Lindholm is hit by Viktor Arvidsson and loses puck.
Goals for this period are 1 for Sabres vs 3 for Senateurs.
Shots for this period are 6 for Sabres vs 13 for Senateurs.

2nd period


0:01 of 2nd period - Nick Bjugstad wins face-off versus Mika Zibanejad in neutral zone.
0:26 of 2nd period - Mathew Dumba is hit by Jordan Martinook.
0:32 of 2nd period - Jared Cowen is hit by Victor Hedman and loses puck.
0:53 of 2nd period - Wrist shot by Robby Fabbri.
0:53 of 2nd period - Shot Misses the Net.
1:09 of 2nd period - Backhand shot by Neal Pionk.
1:09 of 2nd period - Deflect By Anton Lindholm.
1:09 of 2nd period - Stopped by Mikko Koskinen with a rebound.
1:11 of 2nd period - Snap shot by Mika Zibanejad.
1:11 of 2nd period - Deflect By Artemi Panarin.
1:11 of 2nd period - Shot Misses the Net.
1:11 of 2nd period - Puck is out of play.
1:12 of 2nd period - Mika Zibanejad wins face-off versus Joel Eriksson Ek in Senateurs zone.
1:13 of 2nd period - Snap shot by Artemi Panarin.
1:13 of 2nd period - Stopped by Mikko Koskinen with a rebound.
1:25 of 2nd period - Snap shot by Joel Eriksson Ek.
1:25 of 2nd period - Shot Blocked by Mathew Dumba.
1:27 of 2nd period - Wrist shot by Tim Schaller.
1:27 of 2nd period - Shot Blocked by Mika Zibanejad.
1:29 of 2nd period - Slapshot by Anton Lindholm.
1:29 of 2nd period - Stopped by John Gibson without a rebound.
1:30 of 2nd period - Evgeni Malkin wins face-off versus Nick Bjugstad in Sabres zone.
1:45 of 2nd period - Slapshot by Michael Frolik.
1:45 of 2nd period - Stopped by John Gibson with a rebound.
1:57 of 2nd period - Corey Perry is hit by Brendan Smith.
2:07 of 2nd period - Snap shot by Mika Zibanejad.
2:07 of 2nd period - Stopped by Mikko Koskinen without a rebound.
2:08 of 2nd period - Quinton Howden wins face-off versus Evgeni Malkin in Senateurs zone.
2:30 of 2nd period - Minor Penalty to Jordan Martinook for Roughing.
2:31 of 2nd period - Mika Zibanejad wins face-off versus Nick Bjugstad in Senateurs zone.
2:36 of 2nd period - Snap shot by Mika Zibanejad.
2:36 of 2nd period - Stopped by Mikko Koskinen with a rebound.
2:38 of 2nd period - Wrist shot by Viktor Arvidsson.
2:38 of 2nd period - Shot Misses the Net.
2:40 of 2nd period - Snap shot by Mika Zibanejad.
2:40 of 2nd period - Shot Misses the Net.
2:42 of 2nd period - Snap shot by Mika Zibanejad.
2:42 of 2nd period - Shot Misses the Net.
2:44 of 2nd period - Wrist shot by Viktor Arvidsson.
2:44 of 2nd period - Stopped by Mikko Koskinen without a rebound.
2:45 of 2nd period - Nick Bjugstad wins face-off versus Artemi Panarin in Senateurs zone.
3:10 of 2nd period - Jared Cowen is hit by Mika Zibanejad and loses puck.
4:06 of 2nd period - Ilya Kovalchuk is hit by Quinton Howden and loses puck.
4:20 of 2nd period - Icing by Evgeni Malkin.
4:21 of 2nd period - Evgeni Malkin wins face-off versus Alex Iafallo in Sabres zone.
4:30 of 2nd period - Penalty to Jordan Martinook is over, Jordan Martinook is back on ice.
6:06 of 2nd period - Snap shot by Jordan Martinook.
6:06 of 2nd period - Stopped by John Gibson with a rebound.
7:21 of 2nd period - Wrist shot by Michael Frolik.
7:21 of 2nd period - Shot Blocked by Corey Perry.
7:23 of 2nd period - Slapshot by Brendan Smith.
7:23 of 2nd period - Stopped by John Gibson without a rebound.
7:24 of 2nd period - Quinton Howden wins face-off versus Mika Zibanejad in Sabres zone.
8:08 of 2nd period - Mathew Dumba is hit by Zachary Sanford and loses puck.
8:35 of 2nd period - Slapshot by Joel Eriksson Ek.
8:35 of 2nd period - Shot Misses the Net.
8:37 of 2nd period - Wrist shot by Joel Eriksson Ek.
8:37 of 2nd period - Stopped by John Gibson without a rebound.
8:38 of 2nd period - Nick Bjugstad wins face-off versus Mika Zibanejad in Sabres zone.
9:35 of 2nd period - Snap shot by Richard Panik.
9:35 of 2nd period - Stopped by John Gibson without a rebound.
9:36 of 2nd period - Nick Bjugstad wins face-off versus Mika Zibanejad in Sabres zone.
10:29 of 2nd period - Slapshot by Radek Faksa.
10:29 of 2nd period - Stopped by John Gibson without a rebound.
10:30 of 2nd period - Jordan Staal wins face-off versus Radek Faksa in Sabres zone.
11:13 of 2nd period - Minor Penalty to Corey Perry for High sticking.
11:14 of 2nd period - Nick Bjugstad wins face-off versus Kyle Rau in Sabres zone.
13:13 of 2nd period - Penalty to Corey Perry is over, Corey Perry is back on ice.
13:19 of 2nd period - Zachary Sanford is hit by Evgeni Malkin and loses puck.
13:26 of 2nd period - Wrist shot by Evgeni Malkin.
13:26 of 2nd period - Shot Misses the Net.
13:28 of 2nd period - Slapshot by Samuel Morin.
13:28 of 2nd period - Deflect By Eric Gelinas.
13:28 of 2nd period - Stopped by Mikko Koskinen with a rebound.
13:30 of 2nd period - Wrist shot by Samuel Morin.
13:30 of 2nd period - Shot Misses the Net.
13:36 of 2nd period - Minor Penalty to Zachary Sanford for Tripping.
13:37 of 2nd period - Nick Bjugstad wins face-off versus Mika Zibanejad in Senateurs zone.
13:47 of 2nd period - Off-side.
13:48 of 2nd period - Nick Bjugstad wins face-off versus Mika Zibanejad in neutral zone.
13:55 of 2nd period - Snap shot by Nick Bjugstad.
13:55 of 2nd period - Shot Blocked by Neal Pionk.
14:23 of 2nd period - Ilya Kovalchuk is hit by Jake Gardiner.
15:07 of 2nd period - Evgeni Malkin is hit by Brendan Smith and loses puck.
15:24 of 2nd period - Jared Cowen is hit by Viktor Arvidsson and loses puck.
15:36 of 2nd period - Penalty to Zachary Sanford is over, Zachary Sanford is back on ice.
15:49 of 2nd period - Slapshot by Tim Schaller.
15:49 of 2nd period - Deflect By Ilya Kovalchuk.
15:49 of 2nd period - Stopped by John Gibson without a rebound.
15:50 of 2nd period - Joel Eriksson Ek wins face-off versus Jordan Staal in Sabres zone.
16:01 of 2nd period - Backhand shot by Tim Schaller.
16:01 of 2nd period - Shot Misses the Net.
16:05 of 2nd period - Snap shot by Dennis Everberg.
16:05 of 2nd period - Stopped by John Gibson without a rebound.
16:06 of 2nd period - Mika Zibanejad wins face-off versus Nick Bjugstad in Sabres zone.
16:13 of 2nd period - Snap shot by Artemi Panarin.
16:13 of 2nd period - Shot Blocked by Brendan Smith.
16:15 of 2nd period - Wrist shot by Corey Perry.
16:15 of 2nd period - Stopped by Mikko Koskinen with a rebound.
16:17 of 2nd period - Snap shot by Mathew Dumba.
16:17 of 2nd period - Stopped by Mikko Koskinen with a rebound.
16:19 of 2nd period - Wrist shot by Artemi Panarin.
16:19 of 2nd period - Shot Blocked by Eric Gelinas.
16:21 of 2nd period - Backhand shot by Artemi Panarin.
16:21 of 2nd period - Shot Misses the Net.
16:31 of 2nd period - Viktor Arvidsson is hit by Jordan Martinook and loses puck.
16:52 of 2nd period - Snap shot by Robby Fabbri.
16:52 of 2nd period - Stopped by Mikko Koskinen with a rebound.
16:54 of 2nd period - Snap shot by Robby Fabbri.
16:54 of 2nd period - Stopped by Mikko Koskinen with a rebound.
16:56 of 2nd period - Snap shot by Jordan Staal.
16:56 of 2nd period - Stopped by Mikko Koskinen without a rebound.
16:57 of 2nd period - Robby Fabbri wins face-off versus Nick Bjugstad in Senateurs zone.
17:00 of 2nd period - Snap shot by Jordan Staal.
17:00 of 2nd period - Shot Misses the Net.
17:02 of 2nd period - Slapshot by Neal Pionk.
17:02 of 2nd period - Stopped by Mikko Koskinen with a rebound.
17:04 of 2nd period - Wrist shot by Robby Fabbri.
17:04 of 2nd period - Shot Misses the Net.
17:30 of 2nd period - Wrist shot by Robby Fabbri.
17:30 of 2nd period - Shot Misses the Net.
17:32 of 2nd period - Snap shot by Kyle Okposo.
17:32 of 2nd period - Deflect By Jordan Staal.
17:32 of 2nd period - Stopped by Mikko Koskinen with a rebound.
17:34 of 2nd period - Wrist shot by Robby Fabbri.
17:34 of 2nd period - Stopped by Mikko Koskinen with a rebound.
17:36 of 2nd period - Slapshot by Noah Hanifin.
17:36 of 2nd period - Stopped by Mikko Koskinen without a rebound.
17:37 of 2nd period - Artemi Panarin wins face-off versus Quinton Howden in Senateurs zone.
18:15 of 2nd period - Slapshot by Neal Pionk.
18:15 of 2nd period - Shot Misses the Net.
18:30 of 2nd period - Snap shot by Tim Schaller.
18:30 of 2nd period - Shot Misses the Net.
18:35 of 2nd period - Minor Penalty to Dennis Everberg for Slashing.
18:36 of 2nd period - Nick Bjugstad wins face-off versus Mika Zibanejad in Senateurs zone.
18:36 of 2nd period - Nick Bjugstad is hit by Artemi Panarin.
19:24 of 2nd period - Slapshot by Jake Gardiner.
19:24 of 2nd period - Deflect By Nick Bjugstad.
19:24 of 2nd period - Stopped by John Gibson with a rebound.
Goals for this period are 0 for Sabres vs 0 for Senateurs.
Shots for this period are 15 for Sabres vs 10 for Senateurs.

3rd period


0:01 of 3rd period - Mika Zibanejad wins face-off versus Nick Bjugstad in neutral zone.
0:15 of 3rd period - Wrist shot by Artemi Panarin.
0:15 of 3rd period - Shot Misses the Net.
0:35 of 3rd period - Penalty to Dennis Everberg is over, Dennis Everberg is back on ice.
0:49 of 3rd period - Snap shot by Jordan Staal.
0:49 of 3rd period - Goal by Jordan Staal - Sabres : 2 - Senateurs : 3.
0:50 of 3rd period - Mika Zibanejad wins face-off versus Nick Bjugstad in neutral zone.
0:55 of 3rd period - Slapshot by Mika Zibanejad.
0:55 of 3rd period - Stopped by Mikko Koskinen with a rebound.
1:02 of 3rd period - Off-side.
1:03 of 3rd period - Nick Bjugstad wins face-off versus Mika Zibanejad in neutral zone.
1:23 of 3rd period - Corey Perry is hit by Alex Iafallo and loses puck.
2:39 of 3rd period - Off-side.
2:40 of 3rd period - Evgeni Malkin wins face-off versus Nick Bjugstad in neutral zone.
2:53 of 3rd period - Snap shot by Nick Bjugstad.
2:53 of 3rd period - Shot Blocked by Noah Hanifin.
2:55 of 3rd period - Slapshot by Nick Bjugstad.
2:55 of 3rd period - Deflect By Michael Frolik.
2:55 of 3rd period - Shot Blocked by Viktor Arvidsson.
2:55 of 3rd period - Puck is out of play.
2:56 of 3rd period - Mika Zibanejad wins face-off versus Quinton Howden in Sabres zone.
2:56 of 3rd period - Mika Zibanejad is hit by Jordan Martinook.
3:22 of 3rd period - Nate Schmidt is hit by Michael Frolik and loses puck.
3:30 of 3rd period - Minor Penalty to Nick Bjugstad for Interference.
3:31 of 3rd period - Mika Zibanejad wins face-off versus Richard Panik in Senateurs zone.
3:32 of 3rd period - Wrist shot by Artemi Panarin.
3:32 of 3rd period - Stopped by Mikko Koskinen with a rebound.
3:38 of 3rd period - Snap shot by Mika Zibanejad.
3:38 of 3rd period - Stopped by Mikko Koskinen with a rebound.
4:14 of 3rd period - Jake Gardiner is hit by Samuel Morin and loses puck.
5:30 of 3rd period - Penalty to Nick Bjugstad is over, Nick Bjugstad is back on ice.
5:34 of 3rd period - Slapshot by Jordan Martinook.
5:34 of 3rd period - Stopped by John Gibson without a rebound.
5:35 of 3rd period - Radek Faksa wins face-off versus Jordan Staal in Sabres zone.
5:40 of 3rd period - Snap shot by Zachary Sanford.
5:40 of 3rd period - Goal by Zachary Sanford - Sabres : 2 - Senateurs : 4.
5:41 of 3rd period - Mika Zibanejad wins face-off versus Nick Bjugstad in neutral zone.
5:51 of 3rd period - Jared Cowen is hit by Artemi Panarin and loses puck.
6:02 of 3rd period - Minor Penalty to Mathew Dumba for High sticking.
6:03 of 3rd period - Kyle Rau wins face-off versus Nick Bjugstad in Sabres zone.
7:47 of 3rd period - Slapshot by Michael Frolik.
7:47 of 3rd period - Goal by Michael Frolik - Sabres : 2 - Senateurs : 5.
7:48 of 3rd period - Mika Zibanejad wins face-off versus Quinton Howden in neutral zone.
8:17 of 3rd period - Off-side.
8:18 of 3rd period - Evgeni Malkin wins face-off versus Radek Faksa in neutral zone.
9:38 of 3rd period - Wrist shot by Viktor Arvidsson.
9:38 of 3rd period - Stopped by Mikko Koskinen with a rebound.
10:26 of 3rd period - Minor Penalty to Joel Eriksson Ek for Roughing.
10:27 of 3rd period - Mika Zibanejad wins face-off versus Nick Bjugstad in Senateurs zone.
10:28 of 3rd period - Slapshot by Viktor Arvidsson.
10:28 of 3rd period - Stopped by Mikko Koskinen without a rebound.
10:29 of 3rd period - Nick Bjugstad wins face-off versus Mika Zibanejad in Senateurs zone.
10:37 of 3rd period - Off-side.
10:38 of 3rd period - Nick Bjugstad wins face-off versus Mika Zibanejad in neutral zone.
10:43 of 3rd period - Wrist shot by Nick Bjugstad.
10:43 of 3rd period - Stopped by John Gibson with a rebound.
10:49 of 3rd period - Slapshot by Victor Hedman.
10:49 of 3rd period - Shot Blocked by Jake Gardiner.
10:51 of 3rd period - Wrist shot by Victor Hedman.
10:51 of 3rd period - Stopped by Mikko Koskinen without a rebound.
10:52 of 3rd period - Nick Bjugstad wins face-off versus Mika Zibanejad in Senateurs zone.
11:01 of 3rd period - Slapshot by Mathew Dumba.
11:01 of 3rd period - Stopped by Mikko Koskinen with a rebound.
11:05 of 3rd period - Slapshot by Viktor Arvidsson.
11:05 of 3rd period - Stopped by Mikko Koskinen with a rebound.
11:07 of 3rd period - Slapshot by Mathew Dumba.
11:07 of 3rd period - Stopped by Mikko Koskinen without a rebound.
11:08 of 3rd period - Mika Zibanejad wins face-off versus Nick Bjugstad in Senateurs zone.
11:13 of 3rd period - Slapshot by Viktor Arvidsson.
11:13 of 3rd period - Shot Misses the Net.
11:15 of 3rd period - Slapshot by Mika Zibanejad.
11:15 of 3rd period - Stopped by Mikko Koskinen without a rebound.
11:16 of 3rd period - Mika Zibanejad wins face-off versus Nick Bjugstad in Senateurs zone.
11:48 of 3rd period - Wrist shot by Nick Bjugstad.
11:48 of 3rd period - Stopped by John Gibson without a rebound.
11:49 of 3rd period - Evgeni Malkin wins face-off versus Quinton Howden in Sabres zone.
11:54 of 3rd period - Quinton Howden is hit by Corey Perry and loses puck.
12:26 of 3rd period - Penalty to Joel Eriksson Ek is over, Joel Eriksson Ek is back on ice.
12:35 of 3rd period - Victor Hedman is hit by Jared Cowen and loses puck.
12:50 of 3rd period - Wrist shot by Zachary Sanford.
12:50 of 3rd period - Shot Misses the Net.
12:58 of 3rd period - Joel Eriksson Ek is hit by Kyle Okposo and loses puck.
13:19 of 3rd period - Cal Clutterbuck is hit by Dmitry Sinitsyn and loses puck.
13:49 of 3rd period - Wrist shot by Alex Iafallo.
13:49 of 3rd period - Shot Blocked by Jordan Staal.
13:51 of 3rd period - Slapshot by Eric Gelinas.
13:51 of 3rd period - Stopped by John Gibson without a rebound.
13:52 of 3rd period - Nick Bjugstad wins face-off versus Mika Zibanejad in Sabres zone.
14:46 of 3rd period - Wrist shot by Jordan Staal.
14:46 of 3rd period - Stopped by Mikko Koskinen with a rebound.
15:14 of 3rd period - Wrist shot by Tim Schaller.
15:14 of 3rd period - Shot Misses the Net.
15:34 of 3rd period - Icing by Jake Gardiner.
15:35 of 3rd period - Joel Eriksson Ek wins face-off versus Mika Zibanejad in Senateurs zone.
15:46 of 3rd period - Wrist shot by Noah Hanifin.
15:46 of 3rd period - Goal by Noah Hanifin - Sabres : 3 - Senateurs : 5.
15:47 of 3rd period - Richard Panik wins face-off versus Jordan Staal in neutral zone.
15:52 of 3rd period - Wrist shot by Radek Faksa.
15:52 of 3rd period - Stopped by John Gibson without a rebound.
15:53 of 3rd period - Jordan Staal wins face-off versus Radek Faksa in Sabres zone.
16:19 of 3rd period - Minor Penalty to Alex Iafallo for Kneeing.
16:20 of 3rd period - Mika Zibanejad wins face-off versus Nick Bjugstad in Senateurs zone.
16:36 of 3rd period - Snap shot by Mika Zibanejad.
16:36 of 3rd period - Shot Blocked by Richard Panik.
16:54 of 3rd period - Wrist shot by Neal Pionk.
16:54 of 3rd period - Goal by Neal Pionk - Sabres : 4 - Senateurs : 5.
16:55 of 3rd period - Radek Faksa wins face-off versus Jordan Staal in neutral zone.
17:03 of 3rd period - Zachary Sanford is hit by Mathew Dumba and loses puck.
17:22 of 3rd period - Michael Frolik is hit by Cal Clutterbuck and loses puck.
17:57 of 3rd period - Off-side.
17:58 of 3rd period - Jordan Staal wins face-off versus Radek Faksa in neutral zone.
18:11 of 3rd period - Slapshot by Kyle Okposo.
18:11 of 3rd period - Goal by Kyle Okposo - Sabres : 5 - Senateurs : 5.
18:12 of 3rd period - Radek Faksa wins face-off versus Jordan Staal in neutral zone.
18:22 of 3rd period - Snap shot by Jordan Staal.
18:22 of 3rd period - Deflect By Robby Fabbri.
18:22 of 3rd period - Shot Blocked by Jared Cowen.
18:22 of 3rd period - Puck is out of play.
18:23 of 3rd period - Jordan Staal wins face-off versus Radek Faksa in Senateurs zone.
Goals for this period are 4 for Sabres vs 2 for Senateurs.
Shots for this period are 15 for Sabres vs 7 for Senateurs.

Overtime #1


0:01 of 1st overtime period - Nick Bjugstad wins face-off versus Mika Zibanejad in neutral zone.
0:10 of 1st overtime period - Snap shot by Michael Frolik.
0:10 of 1st overtime period - Stopped by John Gibson without a rebound.
0:11 of 1st overtime period - Mika Zibanejad wins face-off versus Nick Bjugstad in Sabres zone.
1:11 of 1st overtime period - Wrist shot by Cal Clutterbuck.
1:11 of 1st overtime period - Shot Misses the Net.
1:13 of 1st overtime period - Snap shot by Cal Clutterbuck.
1:13 of 1st overtime period - Deflect By Viktor Arvidsson.
1:13 of 1st overtime period - Stopped by Mikko Koskinen with a rebound.
1:17 of 1st overtime period - Wrist shot by Viktor Arvidsson.
1:17 of 1st overtime period - Stopped by Mikko Koskinen with a rebound.
1:19 of 1st overtime period - Slapshot by Mathew Dumba.
1:19 of 1st overtime period - Deflect By Cal Clutterbuck.
1:19 of 1st overtime period - Stopped by Mikko Koskinen with a rebound.
1:21 of 1st overtime period - Wrist shot by Viktor Arvidsson.
1:21 of 1st overtime period - Shot Blocked by Jordan Martinook.
2:16 of 1st overtime period - Slapshot by Jordan Martinook.
2:16 of 1st overtime period - Goal by Jordan Martinook - Sabres : 5 - Senateurs : 6.
Goals for this period are 0 for Sabres vs 1 for Senateurs.
Shots for this period are 3 for Sabres vs 2 for Senateurs.